 Dungeon Crawl Stone Soup version 0.19-a0-1889-g9c603be (webtiles) character file.

520 Lochraine the Covered (level 7, -1/57 HPs)
             Began as a Hill Orc Chaos Knight on Oct 17, 2016.
             Slain by an ogre
             ... wielding a +0 giant club
              (15 damage)
             ... on level 4 of the Dungeon.
             The game lasted 00:13:41 (3116 turns).

Lochraine the Covered (Hill Orc Chaos Knight)       Turns: 3116, Time: 00:13:42

Health: -1/57      AC:  8    Str: 16    XL:     7   Next: 21%
Magic:  9/9        EV:  9    Int: 12    God:    Xom [..*...]
Gold:   127        SH:  0    Dex: 11    Spells: 0 memorised, 6 levels left

rFire  . . .     SeeInvis .     a - +0 hand axe (chaos)
rCold  . . .     Gourm    .     k - +0 scale mail (curse)
rNeg   . . .     Faith    .     (no shield)
rPois  .         Spirit   .     (no helmet)
rElec  .         Reflect  .     (no cloak)
rCorr  .         Harm     .     m - +0 pair of gloves
MR     .....                    (no boots)
Stlth  ..........               q - amulet of rage
                                (no ring)
                                (no ring)

@: no status effects
A: no striking features
a: Renounce Religion, Evoke Berserk Rage


You were on level 4 of the Dungeon.
You worshipped Xom.
You were a toy of Xom.
You were not hungry.

You visited 1 branch of the dungeon, and saw 4 of its levels.

You collected 127 gold pieces.

Inventory:

Hand Weapons
 a - a +0 hand axe of chaos (weapon)
 j - a +2 whip of venom
Armour
 b - a +2 leather armour
 k - a cursed +0 scale mail (worn)
 m - a +0 pair of gloves (worn)
 p - a +0 plate armour
Jewellery
 f - an uncursed ring of stealth {unknown}
 q - an amulet of rage (around neck)
Wands
 w - a wand of teleportation (3/9)
Scrolls
 d - a scroll of identify
 h - a scroll of random uselessness {unknown}
 s - 2 scrolls of teleportation {unknown}
 u - a scroll of blinking {unknown}
 v - a scroll of amnesia {unknown}
 x - a scroll of fear {unknown}
Potions
 i - 2 potions of resistance {unknown}
 l - a potion of degeneration {unknown}
 n - a potion of might {unknown}
 r - a potion of mutation {unknown}
 t - a potion of curing {unknown}
Books
 e - Kikubaaqudgha's Reference Book on Sinister Magic
   (You found it on level 2 of the Dungeon)

   Spells                             Type                      Level
   a - Animate Skeleton               Necromancy                   1
Comestibles
 c - a slice of pizza
 g - 4 meat rations
 o - 4 fruits


   Skills:
 + Level 3.6 Fighting
 - Level 6.0 Axes
 - Level 6.3 Armour
 - Level 0.7 Dodging
 - Level 3.4 Evocations


You had 6 spell levels left.
You didn't know any spells.

Dungeon Overview and Level Annotations

Branches:
Dungeon (4/15)             Temple (0/1) D:4

Altars:
Cheibriados
Kikubaaqudgha
Sif Muna
Vehumet
Xom

Annotations:
D:1 Terence
D:4 1 runed door


Message History

You completely miss the ogre. You hit the ogre.
The ogre is moderately wounded.
The ogre hits you with a giant club!
You hit the ogre.
The ogre is poisoned.
The ogre is moderately wounded.
The ogre closely misses you.
You hit the ogre.
The ogre looks even sicker.
The ogre is moderately wounded.
The ogre hits you with a giant club!
* * * LOW HITPOINT WARNING * * *
Xom grants you insight.
You feel aware of your surroundings.
You are too injured to fight recklessly!
Okay, then.
Okay, then.
You barely miss the ogre.
The ogre is heavily wounded.
The ogre hits you with a giant club!
You die...

* .O..... *,......>
#######.......
#.............
#.####.....%.. #.#
#........ #.# #........
#O# #.!...?... #@#
#..........## ########.#
##........... #........#
#......###. #........#
*###### ## #........#
#........##
#.........#### #
#............###########.
#........###.............


You could see an ogre.

Vanquished Creatures
  Grinder (D:4)
  Edmund (D:4)
  A scorpion (D:4)
  A worker ant (D:4)
  2 adders
  2 howler monkey skeletons (D:4)
  4 worms
  An adder skeleton (D:4)
  2 dart slugs
  4 leopard geckos
  2 giant cockroaches
  8 goblins
  5 hobgoblins
  6 jackals (D:1)
  8 kobolds
  2 quokkas (D:4)
  13 bats
  3 frilled lizards
  4 rats
70 creatures vanquished.

Vanquished Creatures (others)
  An adder skeleton (D:4)
1 creature vanquished.

Grand Total: 71 creatures vanquished

Notes
Turn   | Place    | Note
-------+----------+-------------------------------------------
     0 | D:1      | Lochraine the Hill Orc Chaos Knight began the quest for the Orb.
     0 | D:1      | Reached XP level 1. HP: 19/19 MP: 1/1
   140 | D:1      | Reached XP level 2. HP: 26/26 MP: 2/2
   283 | D:1      | Reached skill level 5 in Axes
   462 | D:1      | Reached XP level 3. HP: 30/31 MP: 3/3
   487 | D:1      | XOM: harmless Hex miscast
   634 | D:1      | XOM: harmless Air miscast
   709 | D:2      | Found a snail-covered altar of Cheibriados.
   750 | D:2      | Noticed Terence
   770 | D:1      | XOM: mild Necr miscast
   773 | D:1      | XOM: butterfly on damage
   788 | D:1      | XOM: noise
   841 | D:2      | Found an ancient bone altar of Kikubaaqudgha.
   845 | D:2      | Found a deep blue altar of Sif Muna.
   846 | D:2      | Found a radiant altar of Vehumet.
   848 | D:2      | Identified Kikubaaqudgha's Reference Book on Sinister Magic
  1124 | D:2      | Reached XP level 4. HP: 39/39 MP: 4/4
  1214 | D:2      | XOM: harmless Fire miscast
  1331 | D:2      | XOM: summons 4 hostile shadow creatures
  2184 | D:4      | Noticed Grinder
  2187 | D:4      | XOM: harmless Tloc miscast
  2212 | D:3      | XOM: divination: magic mapping
  2274 | D:4      | XOM: enchant monster (good)
  2284 | D:4      | XOM: confuse monster(s)
  2287 | D:4      | Reached XP level 5. HP: 20/45 MP: 5/5
  2333 | D:4      | XOM: noise
  2373 | D:4      | XOM: 1-stop teleportation journey
  2426 | D:3      | XOM: scenery: create altars
  2692 | D:4      | Paralysed by Grinder for 5 turns
  2700 | D:4      | Killed Grinder
  2700 | D:4      | Reached skill level 5 in Armour
  2700 | D:4      | Reached XP level 6. HP: 50/51 MP: 5/7
  2718 | D:4      | XOM: swap monsters
  2750 | D:4      | XOM: butterfly on damage
  2987 | D:4      | Noticed Edmund
  2997 | D:4      | Killed Edmund
  2997 | D:4      | Reached XP level 7. HP: 57/57 MP: 9/9
  3007 | D:4      | Found a runed door.
  3082 | D:4      | XOM: harmless Ice miscast
  3097 | D:4      | Found a staircase to the Ecumenical Temple.
  3114 | D:4      | XOM: divination: magic mapping
  3116 | D:4      | Slain by an ogre

Vault maps used:
D:1:      dpeg_arrival_round_b
D:2:      grunt_temple_overflow_magic_moments, cheibriados_altar_1,
          st_stairs_12, uniq_terence
D:4:      first_bread, kennysheep_orc_chapel, uniq_grinder,
          uniq_crazy_yiuf_cottage, uniq_edmund

Skill      XL: |  1  2  3  4  5  6 |
---------------+-------------------+-----
Axes           | 5 6 |  6.0
Armour         | 4 5 6 |  6.3
Evocations     | 2 3 |  3.4
Fighting       | |  3.6
Dodging        | |  0.7

Action                   |  1- 3 |  4- 6 |  7- 9 || total
-------------------------+-------+-------+-------++-------
Melee: Hand axe          |   131 |   149 |    14 ||   294
 Abil: Evoke Berserk Rag |       |     2 |       ||     2
Evoke: Wand              |       |     1 |       ||     1
  Use: Potion            |     2 |     1 |       ||     3
       Scroll            |       |     2 |       ||     2
 Stab: Sleeping          |     1 |       |       ||     1
       Petrified         |     8 |       |       ||     8
       Paralysed         |     1 |     5 |       ||     6
       Petrifying        |       |     1 |       ||     1
  Eat: Chunk             |     1 |     3 |       ||     4
       Beef jerky        |       |     1 |       ||     1
       Bread ration      |       |     1 |       ||     1
Armor: Leather armour    |    42 |       |       ||    42
       Scale mail        |     5 |    68 |       ||    73
Dodge: Dodged            |    66 |    68 |     2 ||   136
